Map: Alcyone LE

Players

Guaglione - Winner!

  • Race: Terran Terran
  • League: Diamond
  • Spawn Location: 1:00

SubN

  • Race: Zerg Zerg
  • League: Diamond
  • Spawn Location: 7:00

VOD

Have the link to the VOD?

Description

Time

  • Played on: Nov. 17, 2023, 5:39 p.m.
  • Length: 14:15
Show
View Real Time Build Order
Export as new Build Order

Guaglione Terran - Winner!

Build Orders:  

Get SALT Encoding   

  12  0:00  SCV  
  13  0:13  SCV  
  14  0:21  Supply Depot  
  14  0:25  SCV  
  15  0:43  SCV  
  15  0:44  Barracks  
  16  1:10  Command Center  
  16  1:14  SCV  
  17  1:32  Barracks  
  17  1:33  Orbital Command  
  17  1:37  Marine  
  18  1:46  Refinery  
  18  1:49  Refinery  
  18  1:57  Marine  
  18  2:00  SCV  
  20  2:15  Marine, SCV  
  22  2:22  Orbital Command  
  22  2:24  Refinery  
  22  2:31  Marine  
  22  2:33  Refinery, SCV  
  24  2:45  Factory  
  24  2:47  Marine  
  25  2:54  SCV x2  
  27  2:59  Marine  
  28  3:06  SCV  
  28  3:09  SCV  
  30  3:16  Marine  
  30  3:18  SCV  
  32  3:21  SCV  
  32  3:22  Marine  
  34  3:30  Factory Tech Lab  
  34  3:31  Starport  
  34  3:34  SCV x2  
  34  3:37  Marine  
  37  3:42  Armory  
  37  3:45  Supply Depot  
  37  3:58  Engineering Bay  
  37  4:02  Marine  
  38  4:06  Marine  
  38  4:07  Supply Depot, SCV, Siege Tank  
  43  4:12  SCV  
  43  4:15  Viking  
  46  4:28  Marine x2  
  46  4:29  SCV x2  
  50  4:36  Terran Vehicle And Ship Armor Level 1  
  50  4:39  Supply Depot  
  50  4:40  Supply Depot  
  50  4:41  SCV  
  51  4:47  Marine x2  
  51  4:48  Starport Tech Lab  
  53  4:54  Starport  
  53  4:57  Fusion Core  
  53  5:00  SCV  
  53  5:01  Widow Mine  
  53  5:05  Supply Depot  
  56  5:08  SCV, Terran Infantry Weapons Level 1  
  57  5:18  SCV  
  58  5:27  Marine  
  58  5:28  Marine, Siege Tank  
  60  5:29  SCV  
  60  5:34  Starport Tech Lab  
  64  5:36  Starport  
  64  5:40  SCV  
  65  5:47  Supply Depot  
  65  5:48  Missile Turret  
  66  5:50  SCV  
  66  5:56  SCV  
  67  6:00  Marine x2  
  69  6:08  Missile Turret  
  69  6:09  Missile Turret  
  69  6:14  Battlecruiser  
  69  6:17  Starport Tech Lab  
  75  6:20  SCV x2  
  75  6:23  Marine  
  75  6:24  Marine  
  79  6:33  Weapon Refit  
  79  6:35  Supply Depot  
  79  6:40  SCV  
  80  6:55  Terran Ship Weapons Level 1  
  80  6:56  SCV  
  80  6:58  Battlecruiser  
  87  7:07  Missile Turret, Marine x2  
  89  7:09  Battlecruiser  
  89  7:14  SCV x2  
  97  7:25  Marine x2  
  97  7:26  SCV  
  100  7:34  Hellbat  
  102  7:43  Command Center  
  102  8:00  Supply Depot  
  102  8:02  Supply Depot  
  102  8:04  Bunker  
  102  8:12  Marine x2  
  102  8:19  Supply Depot  
  102  8:21  Battlecruiser  
  102  8:24  Battlecruiser, Siege Tank  
  102  8:26  Supply Depot  
  117  8:28  Supply Depot  
  117  8:30  Marine x2  
  117  8:33  Bunker  
  119  8:40  Infernal Pre-Igniter  
  119  8:47  Factory  
  119  8:48  Marine x2  
  121  8:53  Bunker  
  121  8:58  Refinery  
  121  9:02  Refinery, Hellbat  
  123  9:04  Factory  
  123  9:11  Supply Depot  
  123  9:12  Planetary Fortress  
  123  9:16  Missile Turret  
  123  9:21  SCV  
  123  9:22  Marine  
  123  9:23  Missile Turret, Hellbat  
  127  9:27  Supply Depot  
  127  9:28  SCV  
  128  9:39  Supply Depot  
  128  9:50  Marine x2  
  128  9:51  Hellbat  
  128  9:52  Battlecruiser  
  138  9:55  Factory Reactor  
  138  9:56  Supply Depot  
  138  10:04  Factory Reactor  
  138  10:06  Supply Depot  
  138  10:08  Marine x2  
  138  10:12  Barracks, Hellbat  
  138  10:13  Battlecruiser  
  148  10:16  SCV x2  
  150  10:22  Terran Ship Weapons Level 2  
  150  10:28  SCV x2  
  152  10:33  Barracks  
  152  10:36  Marine  
  152  10:37  Marine  
  152  10:38  Hellbat  
  152  10:40  SCV  
  152  10:41  Hellbat  
  159  10:44  Hellbat  
  161  10:54  Supply Depot, Marine x2  
  161  10:55  SCV x2  
  165  11:03  Cyclone  
  165  11:04  Cyclone  
  169  11:05  Cyclone  
  169  11:07  SCV  
  172  11:12  Marine x2  
  172  11:13  Barracks Tech Lab  
  172  11:15  Supply Depot  
  174  11:30  Marine  
  174  11:31  Barracks Reactor  
  175  11:36  Battlecruiser  
  175  11:38  Cyclone x3  
  187  11:44  Marine  
  187  11:46  Cyclone  
  190  11:48  Marine  
  191  12:02  Marine, Battlecruiser  
  131  12:41  Marine x2  
  131  12:42  Cyclone x5  
  133  12:58  Marine  
  133  12:59  Marine  
  133  13:04  Battlecruiser x2  
  135  13:16  Marine x2  
  137  13:23  Hellbat x2  
  141  13:34  Marine x2  
  131  13:46  Hellbat x4  
  145  13:52  Marine x2  
Show
View Real Time Build Order
Export as new Build Order

SubN Zerg 

Build Orders: Hatch First, Lurkers 

Get SALT Encoding   

  12  0:00  Drone  
  13  0:12  Overlord  
  13  0:16  Drone  
  14  0:30  Drone x2  
  16  0:48  Hatchery  
  15  0:53  Drone  
  15  0:55  Drone  
  17  0:58  Drone  
  17  1:01  Extractor  
  17  1:16  Spawning Pool  
  16  1:19  Drone  
  16  1:23  Drone  
  18  1:27  Drone  
  19  1:38  Drone  
  20  1:49  Overlord  
  20  2:03  Queen x2  
  20  2:05  Metabolic Boost  
  24  2:10  Zergling x2  
  24  2:11  Zergling x4  
  27  2:26  Drone x3  
  30  2:33  Drone x2  
  32  2:41  Queen  
  34  2:44  Overlord  
  34  2:49  Drone  
  35  2:54  Lair  
  35  2:56  Drone  
  36  3:05  Overlord  
  36  3:08  Drone x2  
  36  3:12  Baneling Nest  
  37  3:13  Drone  
  37  3:16  Extractor  
  37  3:17  Extractor  
  36  3:22  Queen  
  38  3:28  Drone x2  
  40  3:39  Drone x4  
  44  3:51  Overlord  
  44  3:53  Overlord  
  44  3:57  Overlord  
  44  4:03  Centrifugal Hooks  
  44  4:06  Burrow  
  44  4:14  Drone x4  
  44  4:15  Drone  
  49  4:24  Hydralisk Den  
  48  4:38  Drone x8  
  48  4:39  Drone  
  57  4:50  Hatchery  
  56  4:54  Drone, Evolution Chamber  
  56  4:57  Grooved Spines, Evolution Chamber  
  56  4:59  Extractor  
  54  5:13  Drone x3  
  54  5:14  Drone  
  58  5:17  Overlord x2  
  58  5:28  Zerg Melee Weapons Level 1, Zerg Ground Armor Level 1  
  58  5:38  Spine Crawler  
  58  5:39  Drone x2, Spine Crawler  
  58  5:41  Hydralisk x3  
  64  5:44  Overseer  
  64  5:48  Muscular Augments  
  64  5:59  Zergling x16  
  72  6:10  Drone x2  
  74  6:12  Drone x2  
  74  6:14  Drone  
  77  6:21  Spine Crawler  
  77  6:22  Spine Crawler  
  77  6:23  Overlord  
  77  6:24  Pneumatized Carapace  
  75  6:29  Overseer  
  75  6:33  Queen  
  75  6:37  Overlord x2  
  75  6:38  Overlord  
  77  6:44  Drone x2  
  77  6:46  Drone x2  
  81  6:48  Drone  
  82  6:56  Overseer  
  82  6:59  Overlord x2  
  82  7:06  Drone  
  82  7:07  Drone x7  
  90  7:08  Queen  
  90  7:09  Extractor  
  90  7:12  Extractor  
  90  7:16  Drone x5  
  90  7:22  Zerg Missile Weapons Level 1  
  95  7:28  Drone  
  96  7:35  Spire  
  96  7:36  Drone  
  96  7:40  Hydralisk, Overlord  
  96  7:41  Hydralisk x2  
  96  7:43  Hatchery  
  96  7:44  Baneling x7  
  101  7:45  Baneling  
  101  7:51  Zerg Ground Armor Level 2  
  96  8:14  Overseer  
  96  8:15  Zergling x2  
  96  8:16  Zergling x22  
  108  8:21  Spore Crawler  
  108  8:24  Drone  
  108  8:32  Hydralisk  
  108  8:33  Hydralisk x2  
  114  8:36  Baneling  
  114  8:37  Baneling x15  
  114  8:47  Overlord x5  
  114  8:51  Spore Crawler  
  113  8:58  Queen  
  113  9:02  Overlord  
  115  9:03  Overlord  
  115  9:10  Corruptor  
  115  9:11  Corruptor x5, Spore Crawler  
  126  9:24  Drone x8, Infestation Pit  
  126  9:25  Drone, Lurker Den  
  126  9:28  Zergling x2  
  126  9:29  Zergling x2  
  135  9:31  Zergling x2  
  135  9:34  Zergling x2  
  137  9:43  Spore Crawler  
  136  9:46  Drone x3, Spine Crawler x2  
  136  9:47  Drone x5  
  136  9:50  Overlord  
  136  9:52  Overlord  
  142  9:55  Zerg Missile Weapons Level 2  
  142  10:01  Drone x4  
  142  10:02  Drone  
  145  10:17  Overlord x2  
  145  10:18  Overlord x2, Extractor  
  145  10:19  Overseer  
  145  10:20  Extractor  
  143  10:24  Overseer  
  143  10:25  Corruptor x3  
  143  10:26  Corruptor  
  143  10:28  Zerg Melee Weapons Level 2  
  151  10:32  Hive  
  151  10:36  Hydralisk  
  151  10:37  Hydralisk x2  
  157  11:00  Spore Crawler  
  157  11:03  Spore Crawler  
  155  11:06  Drone x5  
  155  11:09  Extractor, Spore Crawler  
  155  11:10  Hatchery  
  157  11:21  Lurker x3  
  157  11:22  Lurker x3, Hydralisk  
  157  11:23  Hydralisk x10  
  185  11:43  Extractor  
  184  11:47  Seismic Spines  
  184  11:52  Spine Crawler  
  182  11:55  Drone, Spine Crawler  
  182  12:06  Hatchery  
  164  12:25  Hydralisk  
  164  12:26  Hydralisk x18  
  198  12:35  Hatchery  
  123  13:36  Spawning Pool  
  118  13:45  Hydralisk  
  118  13:46  Hydralisk x11  
Tags
 
Composition
Lurkers
Matchup
TvZ
Replay Pack
2025 replay dump
Spawn Locations
Cross Positions
Add a new tag
Caveats
  • Supply blocks, unpowered buildings, or Contaminate may cause inaccurate times.
  • Supply counts are checked every 10 seconds.